EL
SAN JOSE GIANTS @ COLUMBIA FIREFLIES
09/16/2044
 
TOP OF THE 1ST
San Jose Giants batting - Pitching for Columbia Fireflies : RHP Ron Gonzalez
Pitching: RHP Ron Gonzalez
Batting: RHB Tyler Mapes 0-0: Called Strike
0-1: Called Strike
0-2: Strikes out looking
Batting: RHB Jack Toole 0-0: Ball
1-0: Foul Ball, location: 2F
1-1: Ball
2-1: Ball
3-1: Fly out, F9 (Flyball, 9LD, EV 109.4 MPH)
Batting: LHB Carey Horncole 0-0: Ball
1-0: Ball
2-0: Ball
3-0: Base on Balls
Batting: LHB Tony Galvan 0-0: Ball
1-0: Ball
Carey Horncole steals 2nd base
2-0: Swinging Strike
2-1: Ball
3-1: Foul Ball, location: 2F
3-2: SINGLE (Line Drive, 34, EV 106.2 MPH)
Carey Horncole to third
Runner from 3rd tries for Home, SAFE, throw by RF to home
Tony Galvan to second
Batting: LHB Terry Ebersole 0-0: Ball
1-0: Foul Ball, location: 2F
1-1: Called Strike
1-2: Ball
2-2: Ball
3-2: Base on Balls
Batting: RHB Adam Solesbee 0-0: Ball
1-0: Called Strike
1-1: Ball
2-1: Reached via error on a dropped throw from SS, E4 (Groundball, 6, EV 97.5 MPH)
Tony Galvan to third
Terry Ebersole to second
Batting: RHB Josh Lippens 0-0: Ball
1-0: Called Strike
1-1: Foul Ball, location: 2F
1-2: Fly out, F8 (Flyball, 78M, EV 97.5 MPH)
Top of the 1st over - 1 run, 1 hit, 1 error, 3 left on base; San Jose 1 - Columbia 0
BOTTOM OF THE 1ST
Columbia Fireflies batting - Pitching for San Jose Giants : LHP Chris Morales
Pitching: LHP Chris Morales
Batting: RHB Mike Phillips 0-0: Ball
1-0: Called Strike
1-1: Ball
2-1: Foul Ball, location: 2F
2-2: Fly out, F3 (Popup, 3F, EV 68.8 MPH)
Batting: RHB Billy Walker 0-0: Ball
1-0: Ball
2-0: Called Strike
2-1: SINGLE (Groundball, 4MS, EV 62.5 MPH) (infield hit)
Batting: RHB Jeff MacPhee 0-0: Grounds into double play, 6-4-3 (Groundball, 6, EV 104.4 MPH)
Bottom of the 1st over - 0 runs, 1 hit, 0 errors, 0 left on base; San Jose 1 - Columbia 0
TOP OF THE 2ND
San Jose Giants batting - Pitching for Columbia Fireflies : RHP Ron Gonzalez
Batting: RHB Jonathan Reece 0-0: Called Strike
0-1: Swinging Strike
0-2: Ball
1-2: Fly out, F8 (Flyball, 8LD, EV 95.0 MPH)
Batting: RHB Mike Jones 0-0: Ball
1-0: Swinging Strike
1-1: Ball
2-1: Ball
3-1: Ground out 5-3 (Groundball, 5S, EV 60.6 MPH)
Batting: RHB Tyler Mapes 0-0: Called Strike
0-1: Ground out 5-3 (Groundball, 56S, EV 91.2 MPH)
Top of the 2nd over - 0 runs, 0 hits, 0 errors, 0 left on base; San Jose 1 - Columbia 0
BOTTOM OF THE 2ND
Columbia Fireflies batting - Pitching for San Jose Giants : LHP Chris Morales
Batting: LHB Joey Biber 0-0: Ball
1-0: Swinging Strike
1-1: Called Strike
1-2: Ball
2-2: Strikes out looking
Batting: RHB Jonathan Jelich 0-0: Ground out 1-3 (Groundball, 15S, EV 63.1 MPH)
Batting: LHB Roy Blonski 0-0: SINGLE (Groundball, 56D, EV 100.0 MPH)
Batting: RHB Bobby Mabrey 0-0: Called Strike
0-1: Ball
1-1: Foul Ball, location: 2F
1-2: Foul Ball, location: 2F
1-2: Ball
2-2: Strikes out looking
Bottom of the 2nd over - 0 runs, 1 hit, 0 errors, 1 left on base; San Jose 1 - Columbia 0
TOP OF THE 3RD
San Jose Giants batting - Pitching for Columbia Fireflies : RHP Ron Gonzalez
Batting: RHB Jack Toole 0-0: Ball
1-0: Ball
2-0: Called Strike
2-1: Ball
3-1: SINGLE (Groundball, 56D, EV 106.2 MPH)
Batting: LHB Carey Horncole 0-0: Ball
1-0: Ball
2-0: Foul Ball, location: 2F
2-1: Swinging Strike
2-2: Ball
3-2: Foul Ball, location: 2F
3-2: DOUBLE (Flyball, 8LD, EV 103.8 MPH)
Jack Toole to third
Runner from 3rd tries for Home, SAFE, throw by CF to home
Batting: LHB Tony Galvan 0-0: Called Strike
0-1: Foul Ball, location: 2F
0-2: Strikes out swinging
Batting: LHB Terry Ebersole 0-0: Ball
1-0: Called Strike
Carey Horncole steals 3rd, throwing error, E2
Carey Horncole scores
1-1: Ball
2-1: Swinging Strike
2-2: Ball
3-2: Foul Ball, location: 2F
3-2: Foul Ball, location: 2F
3-2: Ground out 4-3 (Groundball, 4, EV 91.9 MPH)
Batting: RHB Adam Solesbee 0-0: Called Strike
0-1: Ball
1-1: Ground out 5-3 (Groundball, 56, EV 81.9 MPH)
Top of the 3rd over - 2 runs, 2 hits, 1 error, 0 left on base; San Jose 3 - Columbia 0
BOTTOM OF THE 3RD
Columbia Fireflies batting - Pitching for San Jose Giants : LHP Chris Morales
Batting: LHB Marc Durgin 0-0: SINGLE (Groundball, 4M, EV 98.8 MPH) (infield hit)
Batting: RHB Ricky Trejo 0-0: Ball
1-0: SINGLE (Line Drive, 9LS, EV 86.9 MPH)
Marc Durgin to second
Runner from 2nd tries for 3rd, SAFE, throw by RF made to third
Batting: RHB Mike Phillips 0-0: Swinging Strike
0-1: Called Strike
0-2: Ball
Ricky Trejo steals 2nd base
1-2: Ball
2-2: Ball
3-2: Strikes out swinging
Batting: RHB Billy Walker 0-0: Ball
1-0: Called Strike
1-1: Ground out 6-3 (Groundball, 6, EV 92.5 MPH)
Marc Durgin scores
Ricky Trejo to third
Batting: RHB Jeff MacPhee 0-0: Ball
1-0: Ball
2-0: Ball
3-0: Called Strike
3-1: Called Strike
3-2: SINGLE (Groundball, 56D, EV 95.6 MPH)
Ricky Trejo scores
Batting: LHB Joey Biber 0-0: Called Strike
0-1: Ball
1-1: Ball
2-1: Ball
3-1: Foul Ball, location: 2F
3-2: Foul Ball, location: 2F
3-2: Foul Ball, location: 2F
3-2: Strikes out looking
Bottom of the 3rd over - 2 runs, 3 hits, 0 errors, 1 left on base; San Jose 3 - Columbia 2
TOP OF THE 4TH
San Jose Giants batting - Pitching for Columbia Fireflies : RHP Ron Gonzalez
Batting: RHB Josh Lippens 0-0: Ball
1-0: Swinging Strike
1-1: SINGLE (Groundball, 6D, EV 95.6 MPH)
Batting: RHB Jonathan Reece 0-0: Ball
1-0: Foul Ball, location: 2F
1-1: Called Strike
1-2: Foul Ball, location: 2F
1-2: Ball
2-2: Foul Ball, location: 2F
2-2: Fielders Choice at 2nd, 5-4 (Groundball, 56S, EV 77.5 MPH)
Batting: RHB Mike Jones 0-0: Ball
1-0: Ball
2-0: Fielders Choice at 2nd, 4-6 (Groundball, 4M, EV 103.8 MPH)
Batting: RHB Tyler Mapes 0-0: Ground out 6-3 (Groundball, 6MD, EV 101.2 MPH)
Top of the 4th over - 0 runs, 1 hit, 0 errors, 1 left on base; San Jose 3 - Columbia 2
BOTTOM OF THE 4TH
Columbia Fireflies batting - Pitching for San Jose Giants : LHP Chris Morales
Batting: RHB Jonathan Jelich 0-0: Called Strike
0-1: Ball
1-1: Swinging Strike
1-2: Fly out, F5 (Popup, 5S, EV 78.1 MPH)
Batting: LHB Roy Blonski 0-0: Called Strike
0-1: Ball
1-1: Called Strike
1-2: Foul Ball, location: 2F
1-2: Ball
2-2: DOUBLE (Groundball, 3L, EV 105.0 MPH)
Batting: RHB Bobby Mabrey 0-0: Ground out 6-3 (Groundball, 6, EV 101.2 MPH)
Batting: LHB Marc Durgin 0-0: Swinging Strike
0-1: Ground out 5-3 (Groundball, 5, EV 106.2 MPH)
Bottom of the 4th over - 0 runs, 1 hit, 0 errors, 1 left on base; San Jose 3 - Columbia 2
TOP OF THE 5TH
San Jose Giants batting - Pitching for Columbia Fireflies : RHP Ron Gonzalez
Batting: RHB Jack Toole 0-0: Ball
1-0: Called Strike
1-1: Swinging Strike
1-2: Foul Ball, location: 2F
1-2: Ball
2-2: Ball
3-2: Foul Ball, location: 2F
3-2: Foul Ball, location: 2F
3-2: Foul Ball, location: 2F
3-2: Base on Balls
Batting: LHB Carey Horncole 0-0: Ball
Jack Toole is caught stealing 2nd base 2-6
1-0: Ground out 6-3 (Groundball, 4M, EV 101.9 MPH)
Batting: LHB Tony Galvan 0-0: Ball
1-0: Ball
2-0: Called Strike
2-1: Ground out 6-3 (Groundball, 6MD, EV 98.1 MPH)
Top of the 5th over - 0 runs, 0 hits, 0 errors, 0 left on base; San Jose 3 - Columbia 2
BOTTOM OF THE 5TH
Columbia Fireflies batting - Pitching for San Jose Giants : LHP Chris Morales
Batting: RHB Ricky Trejo 0-0: Fly out, F9 (Line Drive, 9, EV 90.0 MPH)
Batting: RHB Mike Phillips 0-0: Called Strike
0-1: Ball
1-1: Called Strike
1-2: Foul Ball, location: 2F
1-2: Fly out, F9 (Flyball, 9LM, EV 108.1 MPH)
Batting: RHB Billy Walker 0-0: Swinging Strike
0-1: Ground out 5-3 (Groundball, 56S, EV 81.2 MPH)
Bottom of the 5th over - 0 runs, 0 hits, 0 errors, 0 left on base; San Jose 3 - Columbia 2
TOP OF THE 6TH
San Jose Giants batting - Pitching for Columbia Fireflies : RHP Ron Gonzalez
Batting: LHB Terry Ebersole 0-0: Ball
1-0: Called Strike
1-1: Called Strike
1-2: Foul Ball, location: 2F
1-2: Ball
2-2: Foul Ball, location: 2F
2-2: DOUBLE (Line Drive, 9LM, EV 101.2 MPH)
Pitching: RHP Jeff Sullivan
Batting: RHB Adam Solesbee 0-0: SINGLE (Groundball, 56D, EV 106.9 MPH)
Terry Ebersole to third
Batting: RHB Josh Lippens 0-0: Called Strike
0-1: Ball
1-1: Ball
2-1: Foul Ball, location: 2F
2-2: SINGLE (Groundball, 34D, EV 97.5 MPH)
Terry Ebersole scores
Adam Solesbee to second
Runner from 2nd tries for 3rd, SAFE, throw by RF made to third
Josh Lippens to second
Batting: RHB Jonathan Reece 0-0: Called Strike
0-1: Swinging Strike
0-2: Ball
1-2: Ball
2-2: SINGLE (Groundball, 6MS, EV 68.8 MPH) (infield hit)
Adam Solesbee scores
Josh Lippens to third
Batting: RHB Mike Jones 0-0: Ball
1-0: Called Strike
Jonathan Reece steals 2nd base
1-1: Ball
2-1: SINGLE (Groundball, P, EV 88.8 MPH) (infield hit)
Josh Lippens scores
Jonathan Reece to third
Batting: RHB Tyler Mapes 0-0: Ball
1-0: Ball
2-0: Called Strike
2-1: SINGLE (Line Drive, 4D, EV 96.2 MPH)
Jonathan Reece scores
Mike Jones to second
Pitching: RHP Matt Russo
Batting: RHB Jack Toole 0-0: Ball
1-0: Ball
2-0: Ball
3-0: Base on Balls
Mike Jones to third
Tyler Mapes to second
Batting: LHB Carey Horncole 0-0: Called Strike
0-1: Ball
1-1: Swinging Strike
1-2: Ball
2-2: Ball
3-2: Foul Ball, location: 2F
3-2: Foul Ball, location: 2F
3-2: Fly out, F9 (Flyball, 9S, EV 92.5 MPH)
Batting: LHB Tony Galvan 0-0: Ball
1-0: GRAND SLAM HOME RUN (Flyball, 8RXD, EV 115.6 MPH), Distance : 445 ft
Batting: LHB Terry Ebersole 0-0: Called Strike
0-1: Ground out 4-3 (Groundball, 4D, EV 86.9 MPH)
Batting: RHB Adam Solesbee 0-0: Called Strike
0-1: Called Strike
0-2: Strikes out swinging, 2-3 out at first.
Top of the 6th over - 8 runs, 7 hits, 0 errors, 0 left on base; San Jose 11 - Columbia 2
BOTTOM OF THE 6TH
Columbia Fireflies batting - Pitching for San Jose Giants : LHP Chris Morales
Batting: RHB Jeff MacPhee 0-0: Ball
1-0: SINGLE (Groundball, 6D, EV 105.6 MPH)
Batting: LHB Joey Biber 0-0: Ground out 4-3 (Groundball, 4S, EV 70.6 MPH)
Jeff MacPhee to second
Batting: RHB Jonathan Jelich 0-0: Foul Ball, location: 2F
0-1: Ball
1-1: Ball
2-1: Foul Ball, location: 2F
2-2: Foul Ball, location: 2F
2-2: Strikes out swinging
Batting: LHB Roy Blonski 0-0: Ball
1-0: Called Strike
1-1: Fly out, F7 (Flyball, 7LM, EV 92.5 MPH)
Bottom of the 6th over - 0 runs, 1 hit, 0 errors, 1 left on base; San Jose 11 - Columbia 2
TOP OF THE 7TH
San Jose Giants batting - Pitching for Columbia Fireflies : RHP Matt Russo
Batting: RHB Josh Lippens 0-0: Ball
1-0: Foul Ball, location: 2F
1-1: SINGLE (Groundball, 6MD, EV 106.2 MPH)
Batting: RHB Jonathan Reece 0-0: Ball
1-0: Foul Ball, location: 2F
1-1: Fly out, F8 (Flyball, 8RM, EV 88.1 MPH)
Pitching: RHP Casey Cuomo
Batting: RHB Mike Jones 0-0: Called Strike
0-1: Ball
1-1: Ball
2-1: Called Strike
2-2: Strikes out swinging
Batting: RHB Tyler Mapes 0-0: Called Strike
Josh Lippens steals 2nd base
0-1: SINGLE (Groundball, 34D, EV 98.1 MPH)
Josh Lippens to third
Runner from 3rd tries for Home, SAFE, throw by RF to home
Batting: RHB Jack Toole 0-0: Ball
1-0: Called Strike
1-1: Foul Ball, location: 2F
1-2: Ball
2-2: Foul Ball, location: 2F
2-2: Fly out, F3 (Popup, 3F, EV 56.9 MPH)
Top of the 7th over - 1 run, 2 hits, 0 errors, 1 left on base; San Jose 12 - Columbia 2
BOTTOM OF THE 7TH
Columbia Fireflies batting - Pitching for San Jose Giants : LHP Chris Morales
Batting: RHB Bobby Mabrey 0-0: Swinging Strike
0-1: Ball
1-1: SINGLE (Groundball, 6MD, EV 99.4 MPH)
Batting: LHB Marc Durgin 0-0: Ball
1-0: Called Strike
1-1: Foul Ball, location: 2F
1-2: Foul Ball, location: 2F
1-2: Ball
2-2: Foul Ball, location: 2F
2-2: Foul Ball, location: 2F
2-2: Fly out, F4 (Flyball, 3D, EV 93.1 MPH)
Batting: RHB Ricky Trejo 0-0: Called Strike
0-1: Foul Ball, location: 2F
0-2: Grounds into double play, 5-4-3 (Groundball, 56S, EV 83.1 MPH)
Bottom of the 7th over - 0 runs, 1 hit, 0 errors, 0 left on base; San Jose 12 - Columbia 2
TOP OF THE 8TH
San Jose Giants batting - Pitching for Columbia Fireflies : RHP Casey Cuomo
Batting: LHB Carey Horncole 0-0: Called Strike
0-1: Swinging Strike
0-2: Ball
1-2: Ball
2-2: Strikes out looking
Batting: LHB Tony Galvan 0-0: Ball
1-0: Ground out U3 (Groundball, 3, EV 108.8 MPH)
Batting: LHB Terry Ebersole 0-0: Ball
1-0: Called Strike
1-1: Ball
2-1: Called Strike
2-2: Ball
3-2: Ground out 3-1 (Groundball, 13, EV 86.2 MPH)
Top of the 8th over - 0 runs, 0 hits, 0 errors, 0 left on base; San Jose 12 - Columbia 2
BOTTOM OF THE 8TH
Columbia Fireflies batting - Pitching for San Jose Giants : LHP Chris Morales
Batting: RHB Mike Phillips 0-0: Ball
1-0: Swinging Strike
1-1: Ground out 6-3 (Groundball, 56, EV 86.9 MPH)
Pinch Hitting: RHB Shawn Mathews 0-0: Ball
1-0: Swinging Strike
1-1: Ball
2-1: Foul Ball, location: 2F
2-2: Ball
3-2: Foul Ball, location: 2F
3-2: Fly out, F8 (Flyball, 8LD, EV 80.0 MPH)
Pinch Hitting: LHB Pete DeHart 0-0: Ground out U3 (Groundball, 34S, EV 81.9 MPH)
Bottom of the 8th over - 0 runs, 0 hits, 0 errors, 0 left on base; San Jose 12 - Columbia 2
TOP OF THE 9TH
San Jose Giants batting - Pitching for Columbia Fireflies : RHP Casey Cuomo
Pitching: RHP Bruce Charles
Now at 2B: Shawn Mathews
Now in LF: Pete DeHart
Now in RF: Joey Biber
Batting: RHB Adam Solesbee 0-0: Foul Ball, location: 2F
0-1: Ball
1-1: Ball
2-1: Foul Ball, location: 2F
2-2: Ball
3-2: Foul Ball, location: 2F
3-2: Base on Balls
Batting: RHB Josh Lippens 0-0: Called Strike
0-1: Ball
1-1: Swinging Strike
Adam Solesbee is caught stealing 2nd base 2-4
1-2: Foul Ball, location: 2F
1-2: SINGLE (Groundball, 6MD, EV 96.2 MPH)
Batting: RHB Jonathan Reece 0-0: Called Strike
0-1: Called Strike
0-2: Strikes out swinging
Batting: RHB Mike Jones 0-0: Swinging Strike
0-1: Foul Ball, location: 2F
0-2: 2-RUN HOME RUN (Flyball, 78XD, EV 109.4 MPH), Distance : 423 ft
Pitching: LHP Tony Santiago
Batting: RHB Tyler Mapes 0-0: Ball
1-0: Swinging Strike
1-1: Called Strike
1-2: Ground out 5-3 (Groundball, 56, EV 88.1 MPH)
Top of the 9th over - 2 runs, 2 hits, 0 errors, 0 left on base; San Jose 14 - Columbia 2
BOTTOM OF THE 9TH
Columbia Fireflies batting - Pitching for San Jose Giants : LHP Chris Morales
Batting: LHB Joey Biber 0-0: Ground out U3 (Groundball, 3, EV 100.0 MPH)
Batting: RHB Jonathan Jelich 0-0: Called Strike
0-1: Called Strike
0-2: Ball
1-2: SINGLE (Line Drive, 9S, EV 94.4 MPH)
Pitching: LHP Tommy McCusker
Batting: LHB Roy Blonski 0-0: Called Strike
0-1: Ball
1-1: Foul Ball, location: 2F
1-2: Foul Ball, location: 2F
1-2: Foul Ball, location: 2F
1-2: Ball
2-2: Strikes out looking
Batting: RHB Bobby Mabrey 0-0: Ball
1-0: Foul Ball, location: 2F
1-1: Ground out 4-3 (Groundball, 4, EV 83.1 MPH)
Bottom of the 9th over - 0 runs, 1 hit, 0 errors, 1 left on base; San Jose 14 - Columbia 2
Thursday, March 31st , 2022 - OOTP Baseball 22.12 Build 89